Unix NetHack Version 5.0.0-0 post-release - last build Jun 10 2026 00:39:30 (3ee93aec679c4c4259841fe613dc97188e26a321,branch:main).

Game began 2026-06-12 01:03:29, ended 2026-06-12 01:16:37.

IanCurtis, chaotic male elven Wizard

        ----
        |(.|
     ---|..|
   ---.--..---
  --.........|
 --..........|
 |...........------- .....
 |....................|
 -................-----
|...---..h@........|
--..| --..|.......--
 -------.----...`--
     |.D--  -----
   ---))|
   |....|
   |...[|
   --..--
  ---..|
  |....|
  ---.--
    ---
IanCurtis the Conjurer    St:12 Dx:13 Co:13 In:17 Wi:8 Ch:11  Chaotic
Dlvl:4  $:60 HP:0(15) Pw:30(30) AC:8  Xp:3 T:1437 

Latest messages:
 Are you waiting to get hit?  Use 'm' prefix to force a no-op (to rest).
 The baby yellow dragon bites the gnome.
 The gnome is killed!
 The gnome picks up a broad short sword.
 The baby yellow dragon bites the gnome.
 The gnome is killed!
 Your baby yellow dragon eats a gnome corpse.
 You see here a pair of hard shoes.
 You swap places with your baby yellow dragon.
 There are several objects here.
 F - a candle.
 You see here a tin opener.
 The gnome wields a thonged club!
 The gnome secures the tether on the thonged club.
 You miss the gnome.
 The gnome swings his thonged club.
 The gnome hits!
 You stop.  Your baby yellow dragon won't fit through.
 You swap places with your baby yellow dragon.
 You see here 3 daggers.
 The gnome picks up a broad short sword.
 You stop searching.
 The gnome picks up a stout spear.
 You swap places with your baby yellow dragon.
 The gnome picks up a large round shield.
 The baby yellow dragon drops a hooded cloak.
 The gnome puts on a large round shield.
 The baby yellow dragon bites the gnome.
 The gnome is killed!
 The baby yellow dragon picks up a pair of hard shoes.
 Your baby yellow dragon eats a gnome corpse.
 The baby yellow dragon picks up a scroll.
 There is a branch staircase up to the Dungeons of Doom here.
 You see here a hooded cloak.
 The gnome picks up a thonged club.
 You stop searching.
 The gnome wields a thonged club!
 The gnome secures the tether on the thonged club.
 The gnome swings his thonged club.
 The gnome hits!
 You kill the gnome!
 F - a candle (2 in total).
 The baby yellow dragon drops a scroll labeled FNORD.
 The baby yellow dragon drops a pair of hard shoes.
 There are several objects here.
 The baby yellow dragon picks up a white gem.
 The dwarf thrusts her broad short sword.
 The dwarf hits!
 You die...
 Do you want your possessions identified? [ynq] (y) q

Inventory:
 Coins    ('$')
  $ - 60 gold pieces
 Weapons  (')')
  t - a +0 orcish dagger
  a - a blessed +1 quarterstaff (weapon in hands)
 Armor    ('[')
  u - an uncursed +0 orcish helm (being worn)
  b - an uncursed +0 cloak of magic resistance (being worn)
 Comestibles  ('%')
  q - an uncursed tripe ration
 Scrolls  ('?')
  j - an uncursed scroll of blank paper
  i - an uncursed scroll of destroy armor
  w - a blessed scroll of enchant armor
  k - an uncursed scroll of magic mapping
  D - an uncursed scroll of remove curse
 Spellbooks  ('+')
  l - a blessed spellbook of force bolt
  m - an uncursed spellbook of haste self
 Potions  ('!')
  s - an uncursed potion of healing
  g - an uncursed potion of object detection
  f - an uncursed potion of water
  h - an uncursed potion of water
 Rings    ('=')
  e - an uncursed ring of protection from shape changers
  d - an uncursed ring of teleportation
 Wands    ('/')
  c - a wand of polymorph (0:6)
 Tools    ('(')
  x - a drum of earthquake (0:5)
  o - an uncursed wooden harp
  n - a magic marker (0:20)
  F - 2 uncursed tallow candles

IanCurtis the Wizard's attributes:

Background:
 You were a Conjurer, a level 3 male elven Wizard.
 You were chaotic, nominally on a mission for Anhur
 who was opposed by Ptah (lawful) and Thoth (neutral).
 You were right-handed.
 You were in the Gnomish Mines, on level 4.
 You entered the dungeon 1437 turns ago.
 It was nighttime.
 You had 47 experience points, 33 more were needed to attain level 4.

Basics:
 You had 0 out of 15 hit points.
 You had all 30 energy points (spell power).
 Your armor class was 8.
 Your wallet contained 60 zorkmids.
 Autopickup was off.

Final Characteristics:
 Your strength was 12 (limit:18).
 Your dexterity was 13 (limit:18).
 Your constitution was 13 (limit:16).
 Your intelligence was 17 (limit:20).
 Your wisdom was 8 (limit:20).
 Your charisma was 11 (limit:18).

Final Status:
 You weren't hungry.
 You were unencumbered.
 You were wielding a quarterstaff.
 You had basic skill with quarterstaff.

Final Attributes:
 You were devoutly aligned.
 You were magic-protected.
 You had infravision.
 You were warded.
 You are dead.

Miscellaneous:
 You didn't encounter any bones levels.
 Total elapsed playing time was 13 minutes and 7 seconds.

Major events:
 Turn
    1: IanCurtis the chaotic male elven Wizard entered the dungeon
 1049: entered the Gnomish Mines
 1325: attained the rank of Conjurer (level 3)
 1437: killed by a dwarf

Spells:
 Name                 Level Category     Fail Retention
 force bolt             1   attack         0%  91%-100%
 haste self             3   escape        94%  76%-100%

Skills:
 Fighting Skills
   bare handed combat [Unskilled]
   riding             [Unskilled]
 Weapon Skills
   dagger             [Unskilled]
   knife              [Unskilled]
   axe                [Unskilled]
   short sword        [Unskilled]
   club               [Unskilled]
   mace               [Unskilled]
   quarterstaff       [Basic]
   polearms           [Unskilled]
   spear              [Unskilled]
   trident            [Unskilled]
   sling              [Unskilled]
   dart               [Unskilled]
   shuriken           [Unskilled]
 Spellcasting Skills
   attack spells      [Basic]
   healing spells     [Unskilled]
   divination spells  [Unskilled]
   enchantment spells [Basic]
   clerical spells    [Unskilled]
   escape spells      [Unskilled]
   matter spells      [Unskilled]

Voluntary challenges:
 Character rerolling was not enabled.
 You were an atheist.
 You were illiterate.
 You never genocided any monsters.
 You never polymorphed an object.
 You never changed form.
 You used no wishes.
Achievements:
 You entered a shop.
 You entered the Gnomish Mines.
 You attained the rank of Conjurer.

 The Dungeons of Doom: levels 1 to 3
    Level 1:
    Level 2:
       A scroll shop, a fountain.
    Level 3:
       A food shop, some fountains.
       Stairs down to The Gnomish Mines.
 The Gnomish Mines:
    Level 4: <- You were here.
       Final resting place for
          you, killed by a dwarf.


Vanquished creatures:
  a shrieker
  a dwarf
  2 giant rats
  a green mold
  a red mold
  6 gnomes
  a gnome zombie
  2 geckos
  6 jackals
  a goblin
  2 sewer rats
  a bat
  a lichen
  a kobold zombie
  3 newts
30 creatures vanquished.

No species were genocided or became extinct.

Game over:
                       ----------
                      /          \
                     /    REST    \
                    /      IN      \
                   /     PEACE      \
                  /                  \
                  |    IanCurtis     |
                  |      60 Au       |
                  |   killed by a    |
                  |      dwarf       |
                  |                  |
                  |                  |
                  |       2026       |
                 *|     *  *  *      | *
        _________)/\\_//(\/(/\)/\//\/|_)_______

Goodbye IanCurtis the Wizard...

You died in The Gnomish Mines on dungeon level 4 with 392 points,
and 60 pieces of gold, after 1437 moves.
You were level 3 with a maximum of 15 hit points when you died.

